 Dungeon Crawl Stone Soup version 0.24.0-125-gc4c63601f3 (webtiles) character file.

Game seed: 9794126769147182547, levelgen mode: deterministic

256 Davosk the Poker (level 6, -5/47 HPs)
             Began as a Merfolk Gladiator on Mar 9, 2020.
             Was an Initiate of Ashenzari.
             Slain by Crazy Yiuf
             ... wielding a +3 quarterstaff of chaos
              (7 damage)
             ... on level 2 of the Dungeon.
             The game lasted 00:10:06 (1814 turns).

Davosk the Poker (Merfolk Gladiator)                Turns: 1814, Time: 00:10:07

Health: -5/47      AC:  6    Str: 16    XL:     6   Next: 16%
Magic:  0/6        EV: 12    Int:  8    God:    Ashenzari [......]
Gold:   84         SH:  3    Dex: 15    Spells: 5/5 levels left

rFire    . . .     SeeInvis .   a - +0 trident
rCold    . . .     Gourm    .   n - +0 buckler
rNeg     . . .     Faith    .   p - +0 ring mail (curse)
rPois    .         Spirit   .   c - +0 helmet
rElec    .         Reflect  .   (no cloak)
rCorr    .         Harm     .   (no gloves)
MR       .....                  (no boots)
Stlth    +.........             (no amulet)
HPRegen  0.15/turn              (no ring)
MPRegen  0.10/turn              (no ring)

@: lethally poisoned (-5 -> -9), very slightly contaminated, invisible
A: change form in water, swift swim, stealthy swim
a: Curse Item, Renounce Religion


You were on level 2 of the Dungeon.
You worshipped Ashenzari.
Ashenzari was noncommittal.
You were not hungry.

You visited 1 branch of the dungeon, and saw 2 of its levels.

You collected 84 gold pieces.

Inventory:

Hand Weapons
 a - a +0 trident (weapon)
 b - a +0 hunting sling of flaming
Missiles
 k - 61 stones
 r - a throwing net (quivered)
Armour
 c - a +0 helmet (worn)
 j - a +0 leather armour
 n - a +0 buckler (worn)
 p - a cursed +0 ring mail (worn)
 q - a +0 scale mail
Scrolls
 g - a scroll of fear {unknown}
 i - 2 scrolls of remove curse
 l - 2 scrolls of identify {unknown}
 o - a scroll of fog {unknown}
Potions
 e - a potion of heal wounds {unknown}
 h - 2 potions of haste {unknown}
 m - a potion of degeneration {unknown}
Comestibles
 d - 3 chunks of flesh
 f - 5 rations


   Skills:
 + Level 3.1 Fighting
 + Level 7.4 Polearms
 + Level 2.2 Throwing
 + Level 1.6 Armour
 + Level 4.9 Dodging
 + Level 0.5 Stealth
 + Level 0.1 Shields


You had 5 spell levels left.
You didn't know any spells.
Your spell library was empty.

Dungeon Overview and Level Annotations

Branches:
Dungeon (2/15)

Altars:
Ashenzari

Annotations:
D:2 Crazy Yiuf


Message History

You miss something. Something hits you but does no damage.
You are poisoned.
You barely miss something.
You feel sick. Something hits you!
You are confused.
You hit something but do no damage.
You feel sick. Something hits you. Something burns you.
You hit something but do no damage.
You feel sick.
You bump into the stone wall.
Something hits you!
* * * LOW HITPOINT WARNING * * *
You feel your power leaking away.
You miss something.
* * * LOW HITPOINT WARNING * * *
You feel sick. Something hits you.
* * * LOW HITPOINT WARNING * * *
You fade into invisibility!
You are very lightly contaminated with residual magic.
You bump into the tree.
You feel less confused. Something hits you!
You die...

#..........>
#....######. #....#
## #####
#..######### #..)#
#.## #.....# #...#
#.# #.###). ... #.#
#.# ### #{# #.# #.#
# ♣♣@♣ #.# #÷# #
♣.♣♣ #.# #.# ♣♣.♣
#.## #.# ## ♣.♣♣
#..###.# #. ♣♣.♣♣
##..##.# #. ♣...♣♣
##..#.####. ♣....♣
####.#.#.... ##..##
#...........
#....#########.###..


There were no monsters in sight!

Vanquished Creatures
  Sigmund (D:2)
  3 adders (D:2)
  2 oozes
  4 worms
  3 dart slugs
  A leopard gecko (D:1)
  5 giant cockroaches
  4 hobgoblins
  8 kobolds
  2 bats
  5 frilled lizards
  7 goblins
  3 rats
48 creatures vanquished.

Notes
Turn   | Place    | Note
-------+----------+-------------------------------------------
     0 | D:1      | Davosk the Merfolk Gladiator began the quest for the Orb.
     0 | D:1      | Reached XP level 1. HP: 16/16 MP: 1/1
    93 | D:1      | Reached XP level 2. HP: 22/22 MP: 2/2
   255 | D:1      | Reached skill level 5 in Polearms
   442 | D:1      | Reached XP level 3. HP: 26/28 MP: 3/3
   930 | D:2      | Reached XP level 4. HP: 13/34 MP: 4/4
   944 | D:2      | Found a shattered altar of Ashenzari.
   968 | D:2      | Became a worshipper of Ashenzari the Shackled
  1315 | D:2      | Reached skill level 6 in Polearms
  1361 | D:2      | Reached skill level 1 in Armour
  1592 | D:2      | Noticed Sigmund
  1609 | D:2      | Killed Sigmund
  1609 | D:2      | Reached skill level 7 in Polearms
  1609 | D:2      | Reached XP level 5. HP: 16/41 MP: 5/5
  1609 | D:2      | Reached XP level 6. HP: 18/47 MP: 6/6
  1662 | D:2      | Found a runed translucent door.
  1663 | D:2      | Noticed Crazy Yiuf
  1813 | D:2      | HP: 2/47 [something (3)]
  1814 | D:2      | Slain by Crazy Yiuf

Levels and vault maps discovered:
D:1:      minmay_arrival_widening_spiral_wide, layout_basic
D:2:      layout_rooms, kennysheep_flooded_box, minmay_hexomino_f4,
          uniq_sigmund, uniq_crazy_yiuf_cottage

Skill      XL: |  1  2  3  4 |
---------------+-------------+-----
Polearms       | 5 7 |  7.4
Armour         | 1 |  1.6
Fighting       | 3 |  3.1
Throwing       | |  2.2
Dodging        | |  4.9
Stealth        | |  0.5
Shields        | |  0.1

Action                   |  1- 3 |  4- 6 || total
-------------------------+-------+-------++-------
Melee: Trident           |   111 |   113 ||   224
 Fire: Hunting sling     |     3 |       ||     3
Throw: Throwing net      |     5 |     1 ||     6
 Stab: Held in net/web   |     3 |       ||     3
       Sleeping          |     1 |       ||     1
  Eat: Chunk             |       |     3 ||     3
Armor: Leather armour    |    17 |       ||    17
       Ring mail         |     1 |    27 ||    28
Dodge: Dodged            |    45 |    41 ||    86
Block: Buckler           |     3 |     9 ||    12
